 Dungeon Crawl Stone Soup version 0.22-a0-355-g201945f (webtiles) character file.

1238 zero the Covert (level 8, -2/36 HPs)
             Began as a Spriggan Enchanter on Apr 17, 2018.
             Slain by a gnoll sergeant
             ... wielding a +0 spear
              (3 damage)
             ... on level 5 of the Dungeon.
             The game lasted 00:09:07 (6165 turns).

zero the Covert (Spriggan Enchanter)                Turns: 6165, Time: 00:09:08

Health: -2/36      AC:  7    Str:  4    XL:     8   Next: 25%
Magic:  13/13      EV: 18    Int: 17    God:
Gold:   213        SH:  0    Dex: 18    Spells: 6/12 levels left

rFire    x . .     SeeInvis +   a - +2 dagger
rCold    + . .     Gourm    .   (shield restricted)
rNeg     . . .     Faith    .   b - +2 robe
rPois    .         Spirit   .   (helmet restricted)
rElec    .         Reflect  .   o - +2 cloak {+Inv}
rCorr    .         Harm     .   (gloves unavailable)
MR       +....                  (boots unavailable)
Stlth    +++.......             n - amulet of magic regeneration
HPRegen  0.12/turn              l - ring of ice
MPRegen  0.38/turn              (no ring)

@: glowing, very quick
A: very small, unfitting armour, see invisible, herbivore, speed 3, slow
metabolism 2
a: Evoke Invisibility


You were on level 5 of the Dungeon.
You were not hungry.

You visited 1 branch of the dungeon, and saw 6 of its levels.

You collected 213 gold pieces.

Inventory:

Hand Weapons
 a - a +2 dagger (weapon)
Missiles
 c - 183 stones (quivered)
 f - 59 sling bullets
Armour
 b - a +2 robe (worn)
 o - a +2 cloak of invisibility (worn)
Jewellery
 l - a ring of ice (left hand)
 n - an amulet of magic regeneration (around neck)
Wands
 e - a wand of digging (13)
 q - a wand of polymorph (8)
Scrolls
 r - a scroll of fear
 v - a scroll of blinking
Potions
 g - a potion of resistance {unknown}
 h - a potion of mutation {unknown}
 i - 2 potions of might
 j - 3 potions of heal wounds {unknown}
 k - a potion of curing {unknown}
 m - 4 potions of brilliance
 p - 5 potions of flight {unknown}
 u - a potion of agility {unknown}
Comestibles
 d - 8 rations


   Skills:
 - Level 1.1 Short Blades
 - Level 3.0 Dodging
 + Level 14.0 Stealth
 - Level 2.6 Spellcasting
 - Level 3.6 Hexes
 - Level 5.1 Evocations


You had 6 spell levels left.
You knew the following spells:

 Your Spells              Type           Power        Failure   Level  Hunger
a - Corona                Hex            ##.....      4%          1    #......
b - Ensorcelled Hibernat  Hex/Ice        ##....       13%         2    ##.....
c - Confuse               Hex            ##......     12%         3    ###....


Dungeon Overview and Level Annotations

Branches:
Dungeon (6/15)
 Temple: D:4-7

Altars:
Ashenzari
Gozag
Kikubaaqudgha
Qazlal
Ru
Trog
Xom

Shops:
D:4 (=(=   D:5 [

Annotations:
D:6 Prince Ribbit


Innate Abilities, Weirdness & Mutations

You are very small and have problems with some larger weapons.
You are too small for most types of armour.
You have supernaturally acute eyesight. (SInv)
You are a herbivore.
You cover ground extremely quickly.
You need to consume almost no food.


Message History

The gnoll throws a throwing net.
The throwing net hits you.
You become entangled in the net!
You see here a throwing net.
You struggle against the net.
The jackal closely misses you. The jackal barely misses you.
You struggle against the net.
The gnoll sergeant hits you but does no damage.
The jackal bites you but does no damage.
The jackal barely misses you. The gnoll sergeant barely misses you.
The jackal bites you but does no damage.
You struggle against the net.
The jackal completely misses you. The gnoll sergeant misses you.
The jackal barely misses you.
The jackal bites you but does no damage.
You shred the net and break free!
The gnoll sergeant hits you from afar with a spear.
* * * LOW HITPOINT WARNING * * *
The jackal bites you but does no damage.
The jackal barely misses you.
The gnoll sergeant hits you from afar with a spear.
You die...

....<........>....#
..................#
##................###
###.................#
+..........8....8.###
+...................#
##.[...)...###..###..#
##...#.....##.≈..≈.##.#
.....#.....##.≈.@≈.##.# ###
####.......##.≈hh≈.##.######..#
#.......##.≈gg≈.##...#.....#
#.......##.≈gg≈.##.........##
####..##..###.≈.g≈.###.........#
.....###.## ##...g## ##........#
....## .# #.....((.# #........##
....# .##..........##....†.....
##..# #..........##..........


You could see a gnoll sergeant, a gnoll shaman, 4 gnolls and 2 jackals.

Vanquished Creatures
  3 ogres
  A centaur (D:5)
  Blork the orc (D:4)
  A gnoll sergeant (D:5)
  A scorpion (D:4)
  A wight (D:6)
  3 hounds
  A crimson imp (D:5)
  2 jellies
  Crazy Yiuf (D:2)
  3 bullfrog skeletons
  Terence (D:2)
  Ijyb (D:3)
  4 worker ants
  12 adders
  5 gnolls (D:5)
  An ooze (D:1)
  A worm (D:2)
  4 dart slugs
  3 leopard geckos
  10 orcs
  6 giant cockroaches
  4 goblins
  6 hobgoblins
  4 jackals (D:3)
  3 kobolds
  3 quokkas (D:3)
  2 ball pythons (D:2)
  5 bats
  6 frilled lizards
  5 rats
104 creatures vanquished.

Notes
Turn   | Place    | Note
-------+----------+-------------------------------------------
     0 | D:1      | zero the Spriggan Enchanter began the quest for the Orb.
     0 | D:1      | Reached XP level 1. HP: 9/9 MP: 5/5
    38 | D:1      | You fall through a shaft!
   129 | D:1      | Found a shattered altar of Ashenzari.
   211 | D:1      | Reached skill level 5 in Stealth
   223 | D:1      | Reached XP level 2. HP: 6/13 MP: 4/6
   227 | D:1      | Learned a level 2 spell: Ensorcelled Hibernation
   862 | D:1      | Reached skill level 6 in Stealth
  1442 | D:2      | Found a faded altar of an unknown god.
  1511 | D:2      | Reached XP level 3. HP: 16/16 MP: 8/8
  1567 | D:2      | Reached skill level 7 in Stealth
  1824 | D:2      | Noticed Terence
  1878 | D:2      | Killed Terence
  1878 | D:2      | Reached XP level 4. HP: 6/21 MP: 7/9
  2095 | D:2      | Learned a level 3 spell: Confuse
  2132 | D:2      | Reached skill level 8 in Stealth
  2393 | D:2      | Found a runed door.
  2988 | D:2      | Noticed Crazy Yiuf
  2994 | D:2      | Killed Crazy Yiuf
  2994 | D:2      | Reached skill level 9 in Stealth
  2994 | D:2      | Reached XP level 5. HP: 21/24 MP: 7/10
  3183 | D:4      | Reached skill level 1 in Evocations
  3427 | D:3      | Found an ancient bone altar of Kikubaaqudgha.
  3535 | D:3      | Found a bloodstained altar of Trog.
  3598 | D:3      | Found a shimmering altar of Xom.
  3683 | D:3      | Found a stormy altar of Qazlal.
  3818 | D:3      | Found an opulent altar of Gozag.
  3923 | D:3      | Noticed Ijyb
  3925 | D:3      | Killed Ijyb
  3941 | D:3      | Found a sacrificial altar of Ru.
  4071 | D:4      | Found Dila's Jewellery Shoppe.
  4085 | D:4      | Found Huwazxouxu's Antique Weapon Emporium.
  4118 | D:4      | Reached XP level 6. HP: 28/28 MP: 7/11
  4211 | D:4      | Reached skill level 10 in Stealth
  4410 | D:4      | Found Pomear's Antique Weapon Boutique.
  4430 | D:4      | Noticed Blork the orc
  4432 | D:4      | Killed Blork the orc
  4448 | D:4      | Reached XP level 7. HP: 30/32 MP: 4/12
  4553 | D:4      | Reached skill level 11 in Stealth
  4553 | D:4      | Reached skill level 5 in Evocations
  4645 | D:4      | Found Uzyl's Jewellery Boutique.
  4809 | D:5      | Entered Level 5 of the Dungeon
  4942 | D:5      | Reached skill level 12 in Stealth
  5174 | D:6      | Noticed Prince Ribbit
  5602 | D:5      | Reached skill level 13 in Stealth
  5819 | D:5      | Found Manaolo's Armour Shop.
  5828 | D:5      | Reached XP level 8. HP: 29/36 MP: 9/13
  6122 | D:5      | Reached skill level 14 in Stealth
  6165 | D:5      | HP: 1/36 [gnoll sergeant/spear (6)]
  6165 | D:5      | Slain by a gnoll sergeant

Vault maps used:
D:1:      dpeg_arrival_another_circle, evilmike_ruin_ashenzari
D:2:      chequers_ecumenical_altar_simple, first_ration, uniq_terence,
          uniq_crazy_yiuf_cottage
D:3:      lemuel_coloured_pillars_altar, nicolae_overflow_quartered_altars,
          trog_butcher_becter, uniq_ijyb
D:4:      serial_shops, shop, shop, shop, nicolae_shop_waterfront,
          uniq_blork_the_orc
D:5:      serial_gnoll_camp, gnoll_camp_mini_hut, gnoll_camp_medium_01,
          gnoll_camp_mini_shop, gnoll_camp_mini_house,
          hangedman_abyss_or_decor_passed
D:6:      serial_shops, shop, uniq_duvessa, uniq_prince_ribbit1

Skill      XL: |  1  2  3  4  5  6  7  8 |
---------------+-------------------------+-----
Stealth        | 5 6 7 9 10 13 14 | 14.0
Evocations     | 2 4 5 |  5.1
Short Blades   | |  1.1
Dodging        | |  3.0
Spellcasting   | |  2.6
Hexes          | |  3.6

Action                   |  1- 3 |  4- 6 |  7- 9 || total
-------------------------+-------+-------+-------++-------
Melee: Dagger            |    96 |   151 |    57 ||   304
Throw: Stone             |     3 |       |       ||     3
 Cast: Corona            |     7 |       |       ||     7
       Ensorcelled Hiber |    12 |    27 |    29 ||    68
       Confuse           |       |       |     2 ||     2
  Use: Scroll            |     2 |     8 |     5 ||    15
 Stab: Sleeping          |    10 |    35 |    22 ||    67
       Confused          |       |       |     2 ||     2
  Eat: Ration            |       |     2 |     2 ||     4
Armor: Robe              |    10 |    22 |    29 ||    61
Dodge: Dodged            |    78 |   112 |    72 ||   262

Table legend:
 A = Spawn XP
 B = Non-spawn XP
 C = Spawn XP percentage of total XP
 D = Spawn monster count
 E = Non-spawn monster count
 F = Spawn count percentage of total count
 G = Total turns spent on level
                    A         B        C        D         E        F      G
               +---------+---------+-------+---------+---------+-------+---------
         Total |       0 |    1769 |   0.0 |       0 |     104 |   0.0 |  6165
               +---------+---------+-------+---------+---------+-------+---------
           D:1 |       0 |      29 |   0.0 |       0 |      11 |   0.0 |  1384
           D:2 |       0 |     194 |   0.0 |       0 |      26 |   0.0 |  1669
           D:3 |       0 |     112 |   0.0 |       0 |      32 |   0.0 |  1012
           D:4 |       0 |     544 |   0.0 |       0 |      14 |   0.0 |   744
           D:5 |       0 |     660 |   0.0 |       0 |      17 |   0.0 |  1234
           D:6 |       0 |     230 |   0.0 |       0 |       4 |   0.0 |   122
               +---------+---------+-------+---------+---------+-------+---------
